 Dungeon Crawl Stone Soup version 0.29.1-15-g9cfb28693d (webtiles) character file.

Game seed: 7636942150155181633

119 javelincjr the Magician (level 4, -3/32 HPs)
             Began as a Demonspawn Hedge Wizard on Apr 22, 2023.
             Was a Believer of Qazlal.
             Slain by Edmund
             ... wielding a +1 flail of protection
              (10 damage)
             ... on level 4 of the Dungeon.
             The game lasted 00:06:48 (4191 turns).

javelincjr the Magician (Demonspawn Hedge Wizard)   Turns: 4191, Time: 00:06:48

Health: -3/32      AC:  2    Str: 12    XL:     4   Next: 74%
Magic:  7/9        EV: 12    Int: 16    God:    Qazlal [**....]
Gold:   124        SH:  2    Dex: 12    Spells: 7/10 levels left

rFire   . . .      SeeInvis .   a - +0 dagger
rCold   + . .      Faith    .   (no shield)
rNeg    . . .      Spirit   .   b - +0 robe
rPois   .          Reflect  .   c - +0 hat
rElec   .          Harm     .   (no cloak)
rCorr   .          Rampage  .   (no gloves)
Will    .....                   (no boots)
Stlth   ++........              y - amulet of magic regeneration
HPRegen 0.10/turn               x - ring of protection from cold
MPRegen 0.51/turn               (no ring)

@: no status effects
A: horns 2, powered by death 1
a: Renounce Religion, Upheaval


You were on level 4 of the Dungeon.
You worshipped Qazlal.
Qazlal was pleased with you.
You visited 1 branch of the dungeon, and saw 4 of its levels.

You collected 124 gold pieces.

Inventory:

Hand Weapons
 a - a +0 dagger (weapon)
Missiles
 f - 2 throwing nets
Armour
 b - a +0 robe (worn)
 c - a +0 hat (worn)
 s - a +2 helmet
Jewellery
 x - a ring of protection from cold (left hand)
 y - an amulet of magic regeneration (around neck)
Wands
 o - a wand of iceblast (10)
Scrolls
 e - 4 scrolls of identify {unknown}
 g - a scroll of fear {unknown}
 h - 2 scrolls of amnesia {unknown}
 i - 2 scrolls of fog {unknown}
 j - a scroll of magic mapping {unknown}
 l - a scroll of torment {unknown}
 m - 2 scrolls of teleportation {unknown}
 p - a scroll of enchant armour {unknown}
 q - 2 scrolls of vulnerability {unknown}
Potions
 d - a potion of magic
 k - a potion of ambrosia {unknown}
 n - a potion of berserk rage {unknown}
 r - a potion of heal wounds {unknown}
 t - a potion of haste {unknown}
 u - a potion of degeneration {unknown}
 v - a potion of invisibility {unknown}
 w - a potion of mutation {unknown}
 z - a potion of might {unknown}


   Skills:
 * Level 1.3 Fighting
 + Level 2.2 Dodging
 - Level 2.0 Stealth
 * Level 3.6 Spellcasting
 + Level 1.7 Conjurations
 + Level 1.6 Summonings
 + Level 1.6 Translocations
 + Level 1.6 Invocations


You had 7 spell levels left.
You knew the following spells:

 Your Spells              Type           Power      Damage    Failure   Level
a - Magic Dart            Conj           32%        1d4       9%          1
b - Call Imp              Summ           8%         N/A       13%         2

Your spell library contained the following spells:

 Spells                   Type           Power      Damage    Failure   Level
 Blink                    Tloc           16%        N/A       14%         2
 Slow                     Hex            8%         N/A       19%         1
 Conjure Flame            Conj/Fire      5%         6-21      36%         3
 Mephitic Cloud           Conj/Pois/Air  4%         N/A       38%         3
 Frozen Ramparts          Ice            4%         1d1       47%         3
 Summon Ice Beast         Ice/Summ       5%         N/A       77%         4
 Ice Form                 Ice/Tmut       2%         N/A       87%         4


Dungeon Overview and Level Annotations

Branches:
Dungeon (4/15)
 Temple: D:4-7

Altars:
Fedhas
Nemelex Xobeh
Qazlal

Annotations:
D:4 Edmund


Innate Abilities, Weirdness & Mutations

You have a pair of horns on your head.
You regenerate a little health from kills.


Message History

The magic dart hits Edmund but does no damage.
Your shadow imp barely misses Edmund.
Casting: Magic Dart (safe; 9% risk of failure)
Confirm with . or Enter, or press ? or * to list all spells.
Aiming: Magic Dart (safe; 9% risk of failure)
Press: ? - help, Shift-Dir - straight line, f/p - Edmund
Aim: Edmund, wielding a +1 flail of protection and wearing a +0 scale mail (ally target, 100% to hit)
The magic dart hits Edmund but does no damage.
Your shadow imp barely misses Edmund.
You hit Edmund but do no damage.
Edmund hits you with a +1 flail of protection!
You barely miss Edmund.
Your shadow imp closely misses Edmund.
Edmund misses you.
You closely miss Edmund. Your headbutt misses Edmund.
Your shadow imp hits Edmund but does no damage.
Edmund barely misses you.
You hit Edmund but do no damage.
Your shadow imp barely misses Edmund.
Edmund says, "I'm quite good with sums, too."
Edmund hits you with a +1 flail of protection.
You hit Edmund but do no damage.
Your shadow imp barely misses Edmund.
Edmund barely misses you.
You hit Edmund. Your headbutt misses Edmund.
Edmund is lightly wounded.
Your shadow imp closely misses Edmund.
Edmund hits you with a +1 flail of protection.
You closely miss Edmund. You headbutt Edmund, but do no damage.
Edmund is lightly wounded.
Your shadow imp disappears in a puff of smoke!
Edmund hits you with a +1 flail of protection!
* * * LOW HITPOINT WARNING * * *
Aiming: Upheaval
Press: ? - help, Dir - move target, f/p - Edmund
Aim: Edmund, wielding a +1 flail of protection and wearing a +0 scale mail (lightly wounded) That beam is likely to hit you.
Continue anyway?
Okay, then.
Casting: Magic Dart (safe; 9% risk of failure)
Confirm with . or Enter, or press ? or * to list all spells.
A beastly little devil appears in a puff of flame.
Edmund hits you with a +1 flail of protection!
You die...

..# # # #.#.#
. #.#.### #.
#.. ..
####.##.##.#
.......<.#.#
...........#
.....#...5.###
.##. #._@....#
.## #..@$##.#
.# ####..# # .
...# ....#
##...# ###...#
.......#
........#


You could see Edmund (ally target) and a friendly crimson imp (summoned).

Vanquished Creatures
  Jessica (D:3)
  3 adders (D:3)
  A worm (D:2)
  A dart slug (D:1)
  3 orcs (D:3)
  2 bats
  5 endoplasms
  4 giant cockroaches
  3 goblins
  3 hobgoblins
  3 jackals
  2 quokkas
  7 ball pythons
  2 frilled lizards
  7 kobolds
  6 rats
53 creatures vanquished.

Vanquished Creatures (collateral kills)
  A bat (D:2)
  A jackal (D:3)
2 creatures vanquished.

Grand Total: 55 creatures vanquished

Notes
Turn   | Place    | Note
-------+----------+-------------------------------------------
     0 | D:1      | javelincjr the Demonspawn Hedge Wizard began the quest for
                  | the Orb.
     0 | D:1      | Reached XP level 1. HP: 13/13 MP: 4/4
     6 | D:1      | Noticed a swamp drake
     6 | D:1      | Noticed an iguana
     7 | D:1      | Noticed a black mamba
   101 | D:1      | Reached skill level 1 in Translocations
   324 | D:1      | Gained mutation: You have a pair of small horns on your
                  | head. [demonic ancestry]
   324 | D:1      | Reached XP level 2. HP: 19/19 MP: 3/6
  1009 | D:1      | Found a faded altar of an unknown god.
  1016 | D:1      | Prayed at the altar of an unknown god.
  1016 | D:1      | Became a worshipper of Qazlal Stormbringer
  1016 | D:1      | Reached * piety under Qazlal
  1885 | D:2      | Gained mutation: You have a pair of horns on your head.
                  | [demonic ancestry]
  1885 | D:2      | Reached XP level 3. HP: 8/25 MP: 1/7
  1888 | D:2      | Learned a level 2 spell: Call Imp
  3147 | D:3      | Reached skill level 1 in Invocations
  3251 | D:3      | Noticed Jessica
  3257 | D:3      | Killed Jessica
  3258 | D:3      | Reached skill level 1 in Fighting
  3258 | D:3      | Gained mutation: You regenerate a little health from kills.
                  | [demonic ancestry]
  3258 | D:3      | Reached XP level 4. HP: 29/32 MP: 9/9
  3612 | D:3      | Reached ** piety under Qazlal
  3888 | D:3      | Found a sparkling altar of Nemelex Xobeh.
  4173 | D:4      | Found a blossoming altar of Fedhas.
  4178 | D:4      | Noticed Edmund
  4191 | D:4      | Slain by Edmund

Illustrated notes

Levels and vault maps discovered:
D:1:      onia_arrival_zoo_common, layout_basic,
          dreamdust_ecumenical_altar_hidden_monk_grotto
D:2:      wad_pebble_path, layout_loops_corners
D:3:      layout_loops_cross, nemelex_dance_club_becter, minmay_misc_feat_x,
          minmay_crystal_water, minmay_stone_trees_small, uniq_jessica
D:4:      layout_basic, mainiacjoe_overflow_chevrons, uniq_edmund

Skill      XL: |  1  2  3 |
---------------+----------+-----
Translocations | 1 |  1.6
Stealth        | 2 |  2.0
Dodging        | 2 |  2.2
Invocations    | 1 |  1.6
Fighting       | 1 |  1.3
Spellcasting   | |  3.6
Conjurations   | |  1.7
Summonings     | |  1.6

Action                   |  1- 3 |  4- 6 || total
-------------------------+-------+-------++-------
Melee: Dagger            |    72 |    14 ||    86
       Headbutt          |    11 |     1 ||    12
 Cast: Magic Dart        |    76 |    46 ||   122
       Call Imp          |     4 |     2 ||     6
 Stab: Sleeping          |     2 |       ||     2
Armor: Robe              |    11 |     1 ||    12
Dodge: Dodged            |    51 |    16 ||    67
Block: Other             |       |     1 ||     1
